 Dungeon Crawl Stone Soup version 0.27-a0-1200-g94dc6ad4cf (webtiles) character file.

Game seed: 17266326306109193475

16751 Conn the Thaumaturge (level 12, 0/76 HPs)
             Began as a Deep Elf Fire Elementalist on May 30, 2021.
             Was a Believer of Sif Muna.
             Slain by an efreet
             ... wielding a +4 scimitar of flaming
              (11 damage)
             ... in a Gauntlet.
             The game lasted 00:55:59 (15784 turns).

Conn the Thaumaturge (Deep Elf Fire Elementalist)  Turns: 15784, Time: 00:56:00

Health: 0/76       AC:  8    Str:  5    XL:     12   Next: 12%
Magic:  31/31      EV:  9    Int: 32    God:    Sif Muna [**....]
Gold:   365        SH:  0    Dex: 15    Spells: 10/38 levels left

rFire    + . .     SeeInvis .   (weapon currently unavailable)
rCold    . . .     Faith    .   (shield currently unavailable)
rNeg     . . .     Spirit   .   (armour currently unavailable)
rPois    +         Reflect  .   (helmet currently unavailable)
rElec    .         Harm     .   (cloak currently unavailable)
rCorr    .         Rampage  .   (gloves currently unavailable)
Will     +....     NoTele   +   (boots currently unavailable)
Stlth    +++.......             (no amulet)
HPRegen  0.22/turn              n - +6 ring of intelligence
MPRegen  0.22/turn              F - ring of protection from fire

@: hydra-form, on berserk cooldown, slowed, very slow
A: fast swimmer, devour, amphibious, boosted hp, very large
a: End Transformation, Renounce Religion, Channel Magic


You were in a Gauntlet.
You worshipped Sif Muna.
Sif Muna was pleased with you.
You were a five-headed hydra.
You visited 3 branches of the dungeon, and saw 12 of its levels.
You also visited: Gauntlet.

You collected 581 gold pieces.
You spent 216 gold pieces at shops.

Inventory:

Hand Weapons
 a - the +8 hunting sling of the Spider Nest {speed, Dex+3}
   (You found it on level 10 of the Dungeon)

   Attacks with this weapon are significantly faster.
   It affects your dexterity (+3).
 g - a +2 whip of freezing
 l - a +0 dagger
 B - a +0 short sword of draining
 G - a +2 dagger of venom
 H - a +3 hunting sling of freezing
Missiles
 c - 131 sling bullets
 m - a throwing net
 p - 5 curare-tipped darts (quivered)
 E - 111 poisoned darts
Armour
 t - a +0 pair of gloves (melded)
 A - a +2 cloak (melded)
 C - +0 steam dragon scales (melded)
 D - a +0 pair of boots (melded)
 I - a +2 hat
 Q - a +2 hat of stealth (melded)
Magical Staves
 b - a staff of conjuration (melded)
 L - a staff of cold
Jewellery
 n - a +6 ring of intelligence (left foreclaw)
 F - a ring of protection from fire (right foreclaw)
 J - a +6 ring of dexterity
Wands
 v - a wand of digging (1)
 x - a wand of flame (23)
 y - a wand of polymorph (16)
 N - a wand of iceblast (13)
 P - a wand of charming (4)
Scrolls
 d - 5 scrolls of teleportation
 e - 7 scrolls of identify
 f - a scroll of enchant weapon
 h - a scroll of immolation
 u - a scroll of amnesia
 K - a scroll of enchant armour
Potions
 i - 5 potions of lignification
 j - a potion of might
 k - a potion of curing
 o - a potion of heal wounds {unknown}
 q - a potion of resistance
 r - 3 potions of flight
 s - 2 potions of brilliance
 w - 4 potions of cancellation
 O - a potion of haste
Miscellaneous
 M - a phantom mirror


   Skills:
 + Level 0.3 Fighting
 + Level 0.5 Staves
 + Level 1.3 Slings
 + Level 5.3 Dodging
 + Level 4.6 Stealth
 + Level 0.1 Unarmed Combat
 * Level 13.9 Spellcasting
 * Level 10.9 Conjurations
 + Level 4.5 Transmutations
 * Level 11.8 Fire Magic
 * Level 1.2 Ice Magic
 * Level 1.7 Poison Magic
 * Level 3.6 Invocations
 + Level 1.3 Evocations


You had 10 spell levels left.
You knew the following spells:

 Your Spells              Type           Power      Damage    Failure   Level
a - Foxfire               Conj/Fire      100%       2x1d9     1%          1
b - Conjure Flame         Conj/Fire      76%        6-21      1%          3
c - Inner Flame           Hex/Fire       57%        N/A       1%          3
d - Sticky Flame          Conj/Fire      76%        2d9       1%          4
e - Fireball              Conj/Fire      38%        3d16      1%          5
f - Spider Form           Tmut/Pois      21%        N/A       1%          3
g - Ice Form              Ice/Tmut       41%        N/A       6%          4
h - Hydra Form            Tmut           25%        N/A       9%          5

Your spell library contained the following spells:

 Spells                   Type           Power      Damage    Failure   Level
 Animate Skeleton         Necr           44%        N/A       1%          1
 Beastly Appendage        Tmut           100%       N/A       1%          1
 Pain                     Necr           88%        1d8       1%          1
 Wereblood                Tmut           51%        N/A       1%          2
 Vampiric Draining        Necr           11%        2d7       6%          3
 Animate Dead             Necr           11%        N/A       21%         4
 Agony                    Necr           22%        N/A       50%         5


Dungeon Overview and Level Annotations

Branches:
Dungeon (10/15)            Temple (1/1) D:6            Lair (1/6) D:10
Gauntlet (1/1)
    Orc: D:9-12

Altars:
Ashenzari
Dithmenos
Gozag
Nemelex Xobeh
Okawaru
Sif Muna
Uskayaw
Vehumet
Yredelemnul
Zin

Shops:
D:1 !

Annotations:
Gauntlet 7 transporters


Message History

Sif Muna accepts your kill.
You barely miss the fire elemental.
The fire elemental is lightly damaged.
You are too berserk!
You bite the fire elemental!
The fire elemental is heavily damaged.
The fire elemental hits you. The fire elemental burns you! You resist.
* * * LOW HITPOINT WARNING * * *
You bite the fire elemental!
The fire elemental is almost destroyed.
The fire elemental barely misses you.
You are too berserk!
You nip at the fire elemental.
The fire elemental is almost destroyed.
The fire elemental barely misses you. The efreet gestures at you.
The fireball explodes!
The fireball engulfs the fire elemental.
The fire elemental completely resists.
The fireball engulfs the efreet.
The efreet completely resists.
The fireball engulfs you! You resist.
* * * LOW HITPOINT WARNING * * *
You barely miss the fire elemental.
The fire elemental is almost destroyed.
The fire elemental hits you. The fire elemental burns you! You resist.
* * * LOW HITPOINT WARNING * * *
You bite the fire elemental!
You destroy the fire elemental!
Sif Muna accepts your kill. The efreet gestures at you.
The fireball explodes!
The fireball engulfs you. You resist.
* * * LOW HITPOINT WARNING * * *
You feel a strong urge to attack something.
You are no longer berserk.
You are exhausted.
You feel yourself slow down.
The death scarab waves its antennae.
Okay, then.
You feel better.
The efreet hits you with a +4 scimitar of flaming!
You die...

##.......§...∩..............
#≈..#########..###########..
##..#..=©°).#..#..?[©.[..#..
#≈..#.#..○#.#..#.##...##.#..
##..#...###.#..#.#.###.#.#§§
#≈..#.#.©.#.#..#..##.##..#§.
##..#.###..°#..#.h..©....#.§
#≈..#.#...#R#..#..##.##..#.§
##..#...###D#..#3#.###.#.#..
#≈..#########..#.##...##3#..
##.....#©#.....#.......h2#..
#≈.....#©#.....###########..
##..#########......#©#......
#≈..#...#©(.#......#©#......
##..#'#.###.#..###########..
#§§.#.#...#.#..#BZ[.©.)..#..
##..#.###.#.#..#.^.....^.#..


You could see a spectral death yak, a smoke demon, an efreet, a death scarab and
a hell hound (wandering).

Vanquished Creatures
  Harold (D:8)
  The ghost of koorschki the Destroyer, a journeyman DsCj of Vehumet (D:10)
  4 two-headed ogres
  2 hydras
  A tengu warrior (D:10)
  Sonja (D:10)
  A soul eater (Gauntlet)
  Pikel (D:6)
  Joseph (D:7)
  Maggie (D:6)
  A kobold demonologist (D:10)
  2 cane toads (Lair:1)
  An efreet (D:8)
  A komodo dragon (D:10)
  Grinder (D:6)
  2 blink frogs (Lair:1)
  2 slime creatures (Gauntlet)
  2 wyverns (D:9)
  A wraith (D:8)
  A fire elemental (Gauntlet)
  4 basilisks (D:10)
  A neqoxec (D:10)
  3 yaks (D:10)
  Menkaure (D:4)
  The ghost of PonderousOgre the Magician, an amateur DEWz of Sif Muna (D:3)
  Duvessa (D:6)
  2 hell hounds
  A swamp drake (D:10)
  4 water moccasins
  2 black bears
  3 sky beasts
  2 ice beasts
  2 necrophages
  3 centaurs
  9 kobold brigands
  A bullfrog (Lair:1)
  Blork the orc (D:6)
  Dowan (D:6)
  16 killer bees
  4 howler monkeys
  4 centaur zombies
  3 quasits (D:10)
  3 hounds
  7 jellies
  An orc priest (D:6)
  An iguana (D:6)
  A killer bee zombie (D:6)
  5 adders
  A howler monkey skeleton (D:7)
  4 shadow imps (Gauntlet)
  A white imp (D:8)
  A worm (D:2)
  6 dart slugs
  11 orcs
  7 bats
  5 endoplasms
  A giant cockroach (D:2)
  5 goblins
  4 hobgoblins
  8 jackals
  43 kobolds
  3 quokkas
  3 ball pythons
  6 frilled lizards
  8 rats
232 creatures vanquished.

Vanquished Creatures (others)
  A centaur zombie (D:8)
  640 foxfires
  5 fungi (Lair:1)
  7 plants (Lair:1)
653 creatures vanquished.

Grand Total: 885 creatures vanquished

Notes
Turn   | Place    | Note
-------+----------+-------------------------------------------
     0 | D:1      | Conn the Deep Elf Fire Elementalist began the quest for the
                  | Orb.
     0 | D:1      | Reached XP level 1. HP: 10/10 MP: 6/6
   357 | D:1      | Reached XP level 2. HP: 15/15 MP: 5/8
   421 | D:1      | Found Kanecriq's Distillery.
   562 | D:1      | Bought a potion of degeneration for 12 gold pieces
   913 | D:2      | Found a faded altar of an unknown god.
  1052 | D:2      | Reached XP level 3. HP: 14/19 MP: 8/10
  2157 | D:2      | Reached skill level 4 in Spellcasting
  2249 | D:3      | Learned a level 3 spell: Conjure Flame
  2253 | D:3      | Learned a level 3 spell: Inner Flame
  2464 | D:3      | Found a runed translucent door.
  2464 | D:3      | Noticed PonderousOgre's ghost (amateur DEWz)
  2470 | D:3      | Reached XP level 4. HP: 24/24 MP: 10/12
  3517 | D:4      | Noticed a black bear
  3555 | D:4      | Killed a black bear
  3556 | D:4      | Reached skill level 5 in Spellcasting
  3556 | D:4      | Reached XP level 5. HP: 28/28 MP: 0/14
  3772 | D:4      | Noticed Menkaure
  3780 | D:5      | Entered Level 5 of the Dungeon
  3843 | D:5      | Reached XP level 6. HP: 21/32 MP: 13/16
  4096 | D:5      | Noticed a water moccasin
  4313 | D:5      | Learned a level 4 spell: Sticky Flame
  4315 | D:5      | Noticed an ice beast
  4325 | D:5      | Killed an ice beast
  4326 | D:5      | Reached skill level 5 in Fire Magic
  5099 | D:5      | Killed a water moccasin
  5100 | D:5      | Reached skill level 6 in Spellcasting
  5211 | D:5      | Reached XP level 7. HP: 30/36 MP: 10/18
  5290 | D:5      | Learned a level 5 spell: Fireball
  5435 | D:6      | Noticed Grinder
  5454 | D:6      | Killed Grinder
  5455 | D:6      | Reached skill level 7 in Spellcasting
  5457 | D:6      | Reached skill level 5 in Conjurations
  5665 | D:6      | Reached XP level 8. HP: 30/41 MP: 12/21
  5771 | D:6      | Noticed Dowan
  5951 | D:6      | Killed Dowan
  5977 | D:6      | Noticed Duvessa
  5985 | D:6      | Killed Duvessa
  6103 | D:6      | Noticed Maggie
  6333 | D:6      | Noticed Pikel
  6357 | D:6      | Killed Pikel
  6358 | D:6      | Reached skill level 8 in Spellcasting
  6436 | D:6      | Found a broken altar of Ashenzari.
  6528 | D:6      | Noticed Blork the orc
  6532 | D:6      | Killed Blork the orc
  6533 | D:6      | Reached skill level 9 in Spellcasting
  6602 | D:6      | Found a staircase to the Ecumenical Temple.
  6611 | Temple   | Entered the Ecumenical Temple
  6724 | Temple   | Became a worshipper of Sif Muna the Loreminder
  6895 | D:6      | Reached XP level 9. HP: 45/45 MP: 19/24
  6938 | D:6      | Killed Maggie
  7608 | D:4      | Killed Menkaure
  8111 | D:3      | Killed PonderousOgre's ghost
  8112 | D:3      | Reached skill level 10 in Spellcasting
  8334 | D:1      | Bought a potion of resistance for 120 gold pieces
  8334 | D:1      | Bought a potion of might for 48 gold pieces
  8334 | D:1      | Bought a potion of curing for 36 gold pieces
  8641 | D:7      | Noticed a seven-headed hydra
  8987 | D:7      | Killed a seven-headed hydra
  9348 | D:7      | Noticed Joseph
  9354 | D:7      | Killed Joseph
  9355 | D:7      | Reached skill level 11 in Spellcasting
  9355 | D:7      | Reached XP level 10. HP: 4/50 MP: 11/27
 10187 | D:8      | Learned a level 3 spell: Spider Form
 10201 | D:8      | Noticed a two-headed ogre
 10202 | D:8      | Reached * piety under Sif Muna
 10213 | D:8      | Killed a two-headed ogre
 10214 | D:8      | Reached skill level 1 in Transmutations
 10412 | D:8      | Found a sparkling altar of Nemelex Xobeh.
 10508 | D:8      | Reached skill level 1 in Slings
 10617 | D:8      | Reached skill level 10 in Fire Magic
 11012 | D:8      | Found a glowing silver altar of Zin.
 11176 | D:8      | Noticed Harold
 11185 | D:8      | Killed Harold
 11186 | D:8      | Reached skill level 1 in Invocations
 11391 | D:8      | Reached skill level 12 in Spellcasting
 11391 | D:8      | Reached skill level 1 in Evocations
 12025 | D:9      | Noticed a two-headed ogre
 12032 | D:9      | Killed a two-headed ogre
 12253 | D:9      | Reached XP level 11. HP: 54/54 MP: 18/29
 12491 | D:9      | Noticed a two-headed ogre
 12493 | D:9      | Noticed a two-headed ogre
 12512 | D:9      | Killed a two-headed ogre
 12555 | D:9      | Killed a two-headed ogre
 12747 | D:9      | Reached skill level 10 in Conjurations
 13206 | D:10     | Entered Level 10 of the Dungeon
 13206 | D:10     | Noticed Sonja
 13209 | D:10     | Killed Sonja
 13214 | D:10     | Identified the +8 hunting sling of the Spider Nest {speed,
                  | Dex+3}
 13306 | D:10     | Reached ** piety under Sif Muna
 13387 | D:10     | Found a transporter.
 13394 | D:10     | Noticed a tengu warrior
 13396 | D:10     | Killed a tengu warrior
 13579 | D:10     | Noticed koorschki's ghost (journeyman DsCj)
 13745 | D:10     | Reached skill level 5 in Dodging
 13745 | D:10     | Reached skill level 13 in Spellcasting
 14037 | D:10     | Found a transporter.
 14046 | D:10     | Learned a level 4 spell: Ice Form
 14080 | D:10     | Killed koorschki's ghost
 14377 | D:10     | Found a staircase to the Lair.
 14843 | Lair:1   | Entered Level 1 of the Lair of Beasts
 14873 | Lair:1   | Noticed an eight-headed hydra
 14894 | Lair:1   | Killed an eight-headed hydra
 15048 | Lair:1   | Reached skill level 1 in Poison Magic
 15048 | Lair:1   | Reached XP level 12. HP: 59/59 MP: 20/31
 15053 | Lair:1   | Found a gate leading to a gauntlet.
 15063 | Gauntlet | Entered a Gauntlet
 15063 | Gauntlet | Found a transporter.
 15063 | Gauntlet | Found a transporter.
 15074 | Gauntlet | Found a transporter.
 15077 | Gauntlet | Found a transporter.
 15084 | Gauntlet | Found a runed translucent door.
 15086 | Gauntlet | Found a transporter.
 15088 | Gauntlet | Found a transporter.
 15096 | Gauntlet | Found a transporter.
 15116 | Gauntlet | Found a transporter.
 15136 | Gauntlet | Found a transporter.
 15137 | Gauntlet | Found a transporter.
 15144 | Gauntlet | Noticed a death scarab
 15147 | Gauntlet | Found a transporter.
 15150 | Gauntlet | Found a transporter.
 15354 | Gauntlet | Learned a level 5 spell: Hydra Form
 15366 | Gauntlet | Reached skill level 1 in Ice Magic
 15782 | Gauntlet | HP: 3/114 [efreet/fireball (5)]
 15784 | Gauntlet | Slain by an efreet

Illustrated notes

Levels and vault maps discovered:
D:1:      dpeg_arrival_leaves_temple_mockup, layout_basic, serial_shops,
          nicolae_shop_behind_doors
D:2:      layout_loops_ring, shapermc_ecumenical_altar_venn,
          kennysheep_nondescript, minmay_misc_feat_four_crosses,
          kennysheep_small_spiral
D:3:      cheibrodos_helix_gallery, layout_loops_cross, gammafunk_ghost_grave
D:4:      layout_loops_ring, serial_glass, glass_columns_b, glass_columns_b,
          item_on_display_a, uniq_menkaure
D:5:      layout_loops_cross
D:6:      layout_basic, general_overflow_altar,
          minmay_temple_entry_proselytizer, kennysheep_generic_room_6,
          uniq_duvessa, uniq_pikel, uniq_maggie, uniq_blork_the_orc,
          uniq_grinder
D:7:      layout_basic, uniq_joseph
D:8:      layout_rooms, serial_aquarium, aquarium_bridge_island_small
          [aquarium_subvault_small_open, aquarium_subvault_bridge,
          aquarium_subvault_window, aquarium_subvault_bridge,
          aquarium_subvault_window], aquarium_bridge_straight
          [aquarium_subvault_bridge, aquarium_subvault_wall,
          aquarium_subvault_bridge, aquarium_subvault_window],
          aquarium_window_1, aquarium_window_2, aquarium_window_corridor_2,
          aquarium_view_2d, aquarium_view_2e, aquarium_balcony_3a,
          aquarium_pool_2, hangedman_feature_mirror, uniq_harold
D:9:      layout_stronghold, hangedman_decor_riveting
D:10:     layout_cave_pools, erik_lair_dragon, gammafunk_ghost_stat_death,
          minmay_rotating_lava, uniq_sonja
Temple:   roderic_octagonal_lattice_temple
Lair:1:   layout_long_grid, gauntlet_entry_generic, serial_bayou_pond_a
Gauntlet: minmay_gauntlet_mixed_big_or_small [gammafunk_gauntlet_arena_split_x,
          minmay_gauntlet_arena_77_terracotta_army,
          gammafunk_gauntlet_arena_teeth, minmay_gauntlet_arena_77_path,
          gammafunk_gauntlet_arena_corners,
          minmay_gauntlet_arena_77_broken_ladder, gauntlet_exit_spiral]

Skill      XL: |  1  2  3  4  5  6  7  8  9 10 11 12 |
---------------+-------------------------------------+-----
Fire Magic     | 4 5 6 7 9 10 11 | 11.8
Spellcasting   | 4 5 6 7 9 11 12 13 | 13.9
Conjurations   | 3 4 5 7 8 9 10 | 10.9
Dodging        | 3 4 5 |  5.3
Stealth        | 3 4 |  4.6
Transmutations | 3 4 |  4.5
Slings         | 1 |  1.3
Invocations    | 1 3 |  3.6
Evocations     | 1 |  1.3
Poison Magic   | 1 |  1.7
Ice Magic      | 1 |  1.2
Fighting       | |  0.3
Staves         | |  0.5
Unarmed Combat | |  0.1

Action                   |  1- 3 |  4- 6 |  7- 9 | 10-12 || total
-------------------------+-------+-------+-------+-------++-------
Melee: Dagger            |     3 |     4 |       |       ||     7
       Staff             |       |     9 |     6 |    41 ||    56
       Unarmed           |       |       |       |    21 ||    21
 Fire: Hunting sling     |       |       |       |     4 ||     4
Throw: Dart              |       |       |       |     1 ||     1
 Cast: Foxfire           |    93 |    94 |   101 |    93 ||   381
       Conjure Flame     |       |     3 |    14 |     8 ||    25
       Sticky Flame      |       |     2 |    10 |    22 ||    34
       Fireball          |       |       |    13 |    63 ||    76
       Spider Form       |       |       |       |     1 ||     1
       Hydra Form        |       |       |       |     2 ||     2
Evoke: Wand              |       |       |     2 |     9 ||    11
  Use: Potion            |       |     2 |     3 |     4 ||     9
       Scroll            |       |     2 |     4 |    12 ||    18
Armor: Robe              |    10 |    11 |     1 |       ||    22
       Skin              |       |       |    15 |    12 ||    27
       Steam dragon scal |       |       |     5 |    53 ||    58
Dodge: Dodged            |    28 |    30 |    34 |    78 ||   170

Table legend: (Time is in decaauts)
 A = Elapsed time spent in this place.
 B = Non-inter-level travel time spent in this place.
 C = Inter-level travel time spent in this place.
 D = Time resting spent in this place.
 E = Time spent auto-exploring this place.
 F = Levels seen in this place.
 G = Mean time per level.
                   A        B        C        D        E       F      G
               +--------+--------+--------+--------+--------+-----+--------+
         Total |  15787 |  15187 |    600 |   3656 |   7786 |  13 | 1214.4 |
       Dungeon |  14713 |  14136 |    577 |   3382 |   7593 |  10 | 1471.3 |
        Temple |    136 |    113 |     23 |      0 |    109 |   1 |  136.0 |
          Lair |    219 |    219 |      0 |      0 |     84 |   1 |  219.0 |
      Gauntlet |    717 |    717 |      0 |    274 |      0 |   1 |  717.0 |
               +--------+--------+--------+--------+--------+-----+--------+

Top non-repeatable levels by time:
     D:6: 1989 daAuts
     D:7: 1731 daAuts
     D:5: 1683 daAuts
    D:10: 1622 daAuts
     D:9: 1587 daAuts
     D:8: 1455 daAuts
     D:2: 1423 daAuts
     D:3: 1374 daAuts
     D:4: 951 daAuts
     D:1: 893 daAuts
Gauntlet: 717 daAuts
  Lair:1: 219 daAuts
  Temple: 136 daAuts
